 Seeded DCSS version 0.31-a0-236-g9a0961fb85 (webtiles) character file.

Game seed: 11330284121249248176 (custom seed)

318 innerfire43 the Trooper (level 6, 0/48 HPs)
             Began as a Demonspawn Monk on July 10, 2023.
             Was a Priest of Kikubaaqudgha.
             Slain by an iguana (3 damage)
             ... on level 4 of the Dungeon.
             The game lasted 00:02:30 (2011 turns).

innerfire43 the Trooper (Demonspawn Monk)           Turns: 2011, Time: 00:02:31

Health: 0/48       AC: 15    Str: 14    XL:     6   Next: 21%
Magic:  6/6        EV:  5    Int: 11    God:    Kikubaaqudgha [***...]
Gold:   140        SH:  0    Dex: 15    Spells: 5/5 levels left

rFire   . . .        w - +0 long sword
rCold   . . .        d - orb {light}
rNeg    . . .        t - +0 plate armour
rPois   +            (helmet restricted)
rElec   .            o - +0 cloak
rCorr   .            (no gloves)
SInv    .            (no boots)
Will    .....        (no amulet) Stlth
                     m - ring of poison resistance
HPRegen 0.28/turn    (no ring)
MPRegen 0.10/turn

%: no passive effects
@: glowing
A: horns 1, slimy green scales 2
a: Renounce Religion, Unearth Wretches


You were on level 4 of the Dungeon.
You worshipped Kikubaaqudgha.
Kikubaaqudgha was most pleased with you.
You visited 1 branch of the dungeon, and saw 4 of its levels.

You collected 140 gold pieces.

Inventory:

Hand Weapons
 a - a +0 falchion
 w - a +0 long sword (weapon)
Armour
 b - a +0 robe
 d - an orb of light (worn)
 o - a +0 cloak (worn)
 t - a +0 plate armour (worn)
Jewellery
 m - a ring of poison resistance (left hand)
Scrolls
 e - a scroll of revelation {unknown}
 h - 3 scrolls of identify {unknown}
 k - a scroll of fear {unknown}
 l - 4 scrolls of teleportation {unknown}
 p - 2 scrolls of enchant weapon {unknown}
 u - a scroll of summoning {unknown}
Potions
 c - a potion of ambrosia
 f - a potion of resistance {unknown}
 g - a potion of berserk rage {unknown}
 i - a potion of magic {unknown}
 j - a potion of invisibility {unknown}
 n - 2 potions of enlightenment {unknown}
 q - a potion of haste {unknown}
 r - a potion of heal wounds {unknown}
 s - a potion of curing {unknown}
 v - a potion of attraction {unknown}


   Skills:
 + Level 3.9 Fighting
 + Level 2.0(3.1) Short Blades
 + Level 3.5(3.9) Long Blades
 * Level 3.1 Armour
 + Level 3.5 Dodging


You had 5 spell levels left.
You didn't know any spells.
Your spell library contained the following spells:

 Spells                   Type           Power      Damage    Failure   Level
 Kiss of Death            Conj/Necr      0%         2d5       100%        1
 Necrotise                Necr           0%         1d4       100%        1
 Cigotuvi's Dreadful Rot  Necr/Pois/Air  0%         N/A       100%        2
 Confusing Touch          Hex            0%         N/A       100%        3
 Hailstorm                Conj/Ice       0%         3d3       100%        3
 Anguish                  Hex/Necr       0%         N/A       100%        4
 Animate Dead             Necr           0%         N/A       100%        4
 Dispel Undead            Necr           0%         3d6       100%        4
 Ice Form                 Ice/Tmut       0%         N/A       100%        4
 Agony                    Necr           0%         N/A       100%        5
 Borgnjor's Vile Clutch   Necr/Erth      0%         N/A       100%        5
 Simulacrum               Ice/Necr       0%         N/A       100%        6


Dungeon Overview and Level Annotations

Branches:
Dungeon (4/15)
 Temple: D:4-7

Altars:
Kikubaaqudgha


Innate Abilities, Weirdness & Mutations

You have a pair of small horns on your head.
You are mostly covered in slimy green scales. (AC +3)


Message History

The iguana attacks as you move away! The iguana bites you!
You slash the iguana! Your headbutt misses the iguana.
The iguana is heavily wounded.
You hit the iguana.
The iguana is lightly wounded.
The iguana barely misses you. The iguana bites you.
You hit the iguana but do no damage.
The iguana is lightly wounded.
The iguana bites you but does no damage. x2
You hit the iguana but do no damage.
You headbutt the iguana, but do no damage.
The iguana is lightly wounded.
The orc warrior hits you from afar with a +0 trident.
The iguana bites you.
The iguana bites you but does no damage.
The iguana bites you. The iguana barely misses you.
The orc warrior hits you from afar with a +0 trident.
The iguana attacks as you move away! The iguana completely misses you.
The iguana bites you but does no damage.
The iguana attacks as you move away! The iguana bites you!
The iguana attacks as you move away!
The iguana bites you but does no damage.
The iguana barely misses you. The iguana bites you.
The orc throws a boomerang.
The boomerang hits you. The iguana bites you.
* * * LOW HITPOINT WARNING * * *
The iguana attacks as you move away!
The iguana bites you but does no damage. x2
The iguana attacks as you move away!
The iguana bites you but does no damage.
An endoplasm comes into view.
The iguana attacks as you move away! The iguana bites you.
* * * LOW HITPOINT WARNING * * *
The iguana bites you.
* * * LOW HITPOINT WARNING * * *
The iguana bites you but does no damage.
The iguana bites you.
* * * LOW HITPOINT WARNING * * *
The iguana attacks as you move away! The iguana bites you.
You die...
Kikubaaqudgha rasps: "You have failed me!
Welcome... death!"

# ###. ...............
#.#...# #............#
.......##............#
.......#..............
#..........#........
##..#..............
#...#.$..o...J.....
###..#....oll.#...##
....##.....o@.##.##
...............#.##
..................#
......#.....#.<....#
#.#..#..##.....†####
#.####.###..>......#
#...#..#.............
#..................#.#
##................## #


You could see an orc warrior, 2 iguanas, 2 orcs and an endoplasm.

Vanquished Creatures
  Sigmund (D:3)
  A black bear (D:4)
  An adder (D:2)
  2 worms (D:2)
  A dart slug (D:2)
  An orc (D:3)
  4 ball pythons
  4 bats
  4 endoplasms
  A giant cockroach (D:3)
  5 goblins
  3 hobgoblins
  6 quokkas
  2 kobolds
  A rat (D:1)
37 creatures vanquished.

Notes
Turn   | Place    | Note
-------+----------+-------------------------------------------
     0 | D:1      | innerfire43 the Demonspawn Monk began the quest for the
                  | Orb.
     0 | D:1      | Reached XP level 1. HP: 18/18 MP: 1/1
   354 | D:1      | Gained mutation: You are partially covered in slimy green
                  | scales. (AC +2) [demonic ancestry]
   354 | D:1      | Reached XP level 2. HP: 24/24 MP: 2/2
   487 | D:1      | Found a faded altar of an unknown god.
   693 | D:1      | Prayed at the altar of an unknown god.
   693 | D:1      | Became a worshipper of Kikubaaqudgha
   693 | D:1      | Reached * piety under Kikubaaqudgha
   693 | D:1      | Received a gift from Kikubaaqudgha
   693 | D:1      | Reached ** piety under Kikubaaqudgha
   823 | D:2      | Found an ancient bone altar of Kikubaaqudgha.
   833 | D:2      | Reached *** piety under Kikubaaqudgha
   833 | D:2      | Received a gift from Kikubaaqudgha
   839 | D:2      | Reached skill level 1 in Armour
   965 | D:2      | Reached XP level 3. HP: 29/29 MP: 3/3
  1220 | D:3      | Noticed Sigmund
  1236 | D:3      | Killed Sigmund
  1237 | D:3      | Reached skill level 1 in Short Blades
  1237 | D:3      | Gained mutation: You are mostly covered in slimy green
                  | scales. (AC +3) [demonic ancestry]
  1237 | D:3      | Reached XP level 4. HP: 23/37 MP: 4/4
  1237 | D:3      | Reached XP level 5. HP: 26/42 MP: 5/5
  1937 | D:4      | Noticed a black bear
  1945 | D:4      | Killed a black bear
  1946 | D:4      | Gained mutation: You have a pair of small horns on your
                  | head. [demonic ancestry]
  1946 | D:4      | Reached XP level 6. HP: 44/48 MP: 6/6
  1992 | D:4      | Noticed an orc warrior
  2011 | D:4      | Slain by an iguana

Illustrated notes

Levels and vault maps discovered:
D:1:      dpeg_arrival_rooms_a, layout_loops_ring,
          dreamdust_ecumenical_altar_angels_and_demons, minmay_fountain_box
D:2:      layout_rooms, basic_altar, dk_vineyard_3
D:3:      layout_rooms, uniq_sigmund
D:4:      layout_cave_pools

Skill      XL: |  1  2  3  4  5 |
---------------+----------------+-----
Armour         | 1 2 3 |  3.1
Dodging        | 3 |  3.5
Long Blades    | 3 |  3.5
Short Blades   | 1 2 |  2.0
Fighting       | |  3.9

Action                     |  1- 3 |  4- 6 || total
---------------------------+-------+-------++-------
  Melee: Falchion          |    72 |    18 ||    90
         Long sword        |       |    14 ||    14
         Headbutt          |       |     1 ||     1
 Armour: Robe              |     6 |       ||     6
         Plate armour      |    25 |    48 ||    73
  Dodge: Dodged            |    38 |     8 ||    46

Table legend: (Time is in decaauts)
 A = Elapsed time spent in this place.
 B = Non-inter-level travel time spent in this place.
 C = Inter-level travel time spent in this place.
 D = Time resting spent in this place.
 E = Time spent auto-exploring this place.
 F = Levels seen in this place.
 G = Mean time per level.
                   A        B        C        D        E       F      G
               +--------+--------+--------+--------+--------+-----+--------+
         Total |   2027 |   1700 |    327 |      0 |   1372 |   4 |  506.8 |
       Dungeon |   2027 |   1700 |    327 |      0 |   1372 |   4 |  506.8 |
               +--------+--------+--------+--------+--------+-----+--------+

Top non-repeatable levels by time:
     D:3: 780 daAuts
     D:1: 737 daAuts
     D:2: 433 daAuts
     D:4: 76 daAuts
